 Dungeon Crawl Stone Soup version 0.22-a0-542-gce4f928 (webtiles) character file.

81 Firecrotchwizard the Magician (level 4, -1/24 HPs)
             Began as a Deep Elf Wizard on June 24, 2018.
             Was an Initiate of Sif Muna.
             Slain by a gnoll
             ... wielding a +0 flail of protection
              (13 damage)
             ... on level 2 of the Dungeon.
             The game lasted 00:06:35 (2129 turns).

Firecrotchwizard the Magician (Deep Elf Wizard)     Turns: 2129, Time: 00:06:35

Health: -1/24      AC:  2    Str:  4    XL:     4   Next: 19%
Magic:  0/13       EV: 13    Int: 24    God:    Sif Muna [......]
Gold:   147        SH:  0    Dex: 13    Spells: 5/13 levels left

rFire    + . .     SeeInvis .   g - +0 spear
rCold    . . .     Gourm    .   (no shield)
rNeg     . . .     Faith    .   a - +0 robe
rPois    .         Spirit   .   b - +0 hat
rElec    .         Reflect  .   (no cloak)
rCorr    +         Harm     .   (no gloves)
MR       .....                  (no boots)
Stlth    ++........             (no amulet)
HPRegen  0.08/turn              o - ring of resist corrosion
MPRegen  0.13/turn              l - ring of protection from fire {rF+, !d}

@: very slightly contaminated
A: no striking features
a: Renounce Religion


You were on level 2 of the Dungeon.
You worshipped Sif Muna.
Sif Muna was noncommittal.
You were hungry.

You visited 1 branch of the dungeon, and saw 2 of its levels.

You collected 147 gold pieces.

Inventory:

Hand Weapons
 e - a +0 hand axe
   (You found it on level 1 of the Dungeon)
 f - a +0 club
   (You took it off a hobgoblin on level 1 of the Dungeon)
 g - a +0 spear (weapon)
   (You took it off a gnoll on level 1 of the Dungeon)
 m - a +0 mace of crushing
   (You found it on level 2 of the Dungeon)
Armour
 a - a +0 robe (worn)
 b - a +0 hat (worn)
Jewellery
 l - a ring of protection from fire (right hand) {rF+, !d}
   (You found it on level 2 of the Dungeon)
 o - a ring of resist corrosion (left hand)
   (You found it on level 2 of the Dungeon)
Scrolls
 c - a scroll of enchant weapon {unknown}
 h - a scroll of remove curse {unknown}
 i - a scroll of noise {unknown}
 j - 6 scrolls of identify {unknown}
 n - a scroll of fog {unknown}
Potions
 k - a potion of curing {unknown}
 q - a potion of lignification {unknown}
Comestibles
 d - 3 rations {@e1}
 p - a chunk of flesh {@w0}


   Skills:
 - Level 2.4 Dodging
 + Level 3.6 Stealth
 + Level 5.2 Spellcasting
 - Level 2.6 Conjurations
 - Level 2.0 Summonings
 * Level 1.1 Translocations


You had 5 spell levels left.
You knew the following spells:

 Your Spells              Type           Power        Failure   Level  Hunger
a - Magic Dart            Conj           ###.         3%          1    None
b - Blink                 Tloc           N/A          9%          2    None
c - Call Imp              Summ           ###.....     5%          2    None
x - Mephitic Cloud        Conj/Pois/Air  ##......     19%         3    ##.....

Your spell library contained the following spells:

 Spells                   Type           Power        Failure   Level  Hunger
 Conjure Flame            Conj/Fire      ##......     16%         3    ##.....
 Slow                     Hex            #.......     13%         2    None
 Confuse                  Hex            #.......     26%         3    ##.....
 Tukima's Dance           Hex            #.......     26%         3    ##.....
 Ensorcelled Hibernation  Hex/Ice        #.....       13%         2    None
 Corona                   Hex            #......      9%          1    None
 Dazzling Spray           Conj/Hex       ##....       16%         3    ##.....


Dungeon Overview and Level Annotations

Branches:
Dungeon (2/15)

Altars:
Okawaru
Sif Muna


Message History

You may need something to eat soon, looking for food.
Can't find anything matching that.
Okay, then.
You butcher the frilled lizard corpse.
p - a chunk of flesh {@w0} You see here a frilled lizard skeleton. x2
Eating a chunk of flesh {@w0}.
You eat the chunk of flesh {@w0}.
You now have 147 gold pieces (gained 14).
You swap places.
You butcher the adder corpse.
p - a chunk of flesh {@w0} Your white imp disappears in a puff of smoke!
Found a stone staircase leading down.
d - 3 rations {@e1} (gained 1)
j - 6 scrolls labeled CAASOV OROGHY (gained 3)
There is a stone staircase leading down here.
There is a stone staircase leading down here.
Found a stone staircase leading down.
A bat comes into view.
Aim: a bat The magic dart hits the bat.
You now have 12/13 mp.
A bat is nearby!
Aim: a bat (severely wounded)
The magic dart hits the bat.
You kill the bat!
Sif Muna accepts your kill.
You now have 11/13 mp.
q - a silvery potion 2 gnolls come into view.
The gnoll shouts! x2
Okay, then.
A beastly little devil appears in a puff of frigid air.
A gnoll comes into view. It is wielding a flail of protection.
You now have 10/13 mp.
A beastly little devil appears in a puff of flame.
The gnoll shouts!
You now have 8/13 mp.
Aim: a gnoll, wielding a halberd The magic dart hits the gnoll.
The gnoll hits you from afar with a halberd!
Ouch! That really hurt!
You take 12 damage, and have 12/24 hp.
MASSIVE DAMAGE!!
You now have 7/13 mp.
Aim: a gnoll, wielding a halberd (lightly wounded)
The magic dart hits the gnoll.
Your white imp hits the gnoll.
Your white imp freezes the gnoll.
You now have 6/13 mp.
Aim: a gnoll, wielding a halberd (lightly wounded) Really fire in your white imp's direction?
Okay, then.
Aim: a gnoll, wielding a flail of protection (moderately wounded)
The magic dart hits the gnoll.
Your crimson imp closely misses the gnoll.
Your white imp hits the gnoll.
Your white imp freezes the gnoll.
You now have 5/13 mp.
You can't see any susceptible monsters within range! (Use Z to cast anyway.)
g - a +0 spear (weapon)
The gnoll hits your white imp with a flail of protection!
Attack whom?
Aim: a gnoll, wielding a flail of protection (almost dead)
You reach to attack!
You closely miss the gnoll.
Your white imp hits the gnoll but does no damage.
Your crimson imp closely misses the gnoll.
The gnoll hits your white imp with a flail of protection!
Your white imp dies!
Attack whom?
Aim: a gnoll, wielding a flail of protection (almost dead)
You reach to attack!
You hit the gnoll but do no damage.
Your crimson imp hits the gnoll but does no damage.
Attack whom?
Aim: a gnoll, wielding a flail of protection (almost dead)
You reach to attack!
You closely miss the gnoll.
You are feeling hungry.
Your crimson imp barely misses the gnoll.
The gnoll closely misses you. x2
Attack whom?
Aim: a gnoll, wielding a flail of protection (almost dead)
You hit the gnoll but do no damage.
Your crimson imp hits the gnoll.
The gnoll hits you with a flail of protection.
You take 1 damage, and have 11/24 hp.
You blink.
The gnoll hits your crimson imp with a halberd!
Your crimson imp dies!
You now have 4/13 mp.
You miscast Call Imp.
You are very lightly contaminated with residual magic.
Shadowy shapes form in the air around you, then vanish.
You now have 2/13 mp.
A beastly little devil appears in a puff of flame.
You now have 0/13 mp.
You don't have enough magic to cast that spell.
You closely miss the gnoll. The gnoll misses you.
Your crimson imp barely misses the gnoll.
You hit the gnoll but do no damage. The gnoll barely misses you.
Your crimson imp closely misses the gnoll.
The gnoll hits you with a flail of protection!
Ouch! That really hurt!
You die...

... #..#..♣≈.≈♣...### ..
...P.≈≈≈♣≈≈..P## # #.
#...♣♣≈≈≈≈...P#
#.#.####P...≈♣≈≈≈≈P.♣#
####.#.......P..≈≈♣≈....P
#.......###...P...♣≈....P
#.##.#gg#...###......♣###
#.##.g.#######.###.#
#....@5......>..##.#
####.#########.....# #.#
####### ..# ####


You could see 3 gnolls and a friendly crimson imp.

Vanquished Creatures
  An adder (D:2)
  2 gnolls (D:1)
  3 dart slugs (D:1)
  5 leopard geckos
  2 ball pythons (D:1)
  3 goblins
  A hobgoblin (D:1)
  6 kobolds
  4 bats
  2 frilled lizards (D:1)
  5 rats
34 creatures vanquished.

Vanquished Creatures (collateral kills)
  2 adders (D:2)
  A goblin (D:2)
  A frilled lizard (D:2)
4 creatures vanquished.

Grand Total: 38 creatures vanquished

Notes
Turn   | Place    | Note
-------+----------+-------------------------------------------
     0 | D:1      | Firecrotchwizard the Deep Elf Wizard began the quest for the Orb.
     0 | D:1      | Reached XP level 1. HP: 10/10 MP: 7/7
   221 | D:1      | Reached skill level 2 in Conjurations
   221 | D:1      | Reached XP level 2. HP: 15/15 MP: 3/9
   415 | D:1      | Reached skill level 3 in Stealth
   482 | D:1      | Reached XP level 3. HP: 7/19 MP: 0/11
   676 | D:1      | Learned a level 2 spell: Blink
   679 | D:1      | Learned a level 2 spell: Call Imp
   683 | D:1      | Learned a level 3 spell: Mephitic Cloud
  1166 | D:1      | Reached skill level 5 in Spellcasting
  1471 | D:2      | Found an iron altar of Okawaru.
  1937 | D:2      | Found a deep blue altar of Sif Muna.
  1940 | D:2      | Became a worshipper of Sif Muna the Loreminder
  2000 | D:2      | Reached XP level 4. HP: 24/24 MP: 9/13
  2008 | D:2      | Reached skill level 2 in Summonings
  2129 | D:2      | Slain by a gnoll

Vault maps used:
D:1:      arrival_zaba_pyramid
D:2:      amethyst_overflow_temple_binary, okawaru_ov_weapons_minmay,
          lemuel_blue_sif_altar, serial_bayou_pond_a, kennysheep_another_room

Skill      XL: |  1  2  3  4 |
---------------+-------------+-----
Conjurations   | 2 |  2.6
Stealth        | 3 |  3.6
Spellcasting   | 5 |  5.2
Summonings     | 2 |  2.0
Dodging        | |  2.4
Translocations | |  1.1

Action                   |  1- 3 |  4- 6 || total
-------------------------+-------+-------++-------
Melee: Spear             |     8 |     6 ||    14
 Cast: Magic Dart        |    74 |     8 ||    82
       Call Imp          |     3 |     3 ||     6
       Blink             |     1 |     1 ||     2
  Eat: Chunk             |     2 |     1 ||     3
Armor: Robe              |     4 |       ||     4
Dodge: Dodged            |     8 |     4 ||    12

Table legend:
 A = Spawn XP
 B = Non-spawn XP
 C = Spawn XP percentage of total XP
 D = Spawn monster count
 E = Non-spawn monster count
 F = Spawn count percentage of total count
 G = Total turns spent on level
                    A         B        C        D         E        F      G
               +---------+---------+-------+---------+---------+-------+---------
         Total |       0 |     116 |   0.0 |       0 |      38 |   0.0 |  2129
               +---------+---------+-------+---------+---------+-------+---------
           D:1 |       0 |      69 |   0.0 |       0 |      23 |   0.0 |  1440
           D:2 |       0 |      47 |   0.0 |       0 |      15 |   0.0 |   689
               +---------+---------+-------+---------+---------+-------+---------

Vault maps used:
D:1:      arrival_zaba_pyramid
D:2:      amethyst_overflow_temple_binary, okawaru_ov_weapons_minmay,
          lemuel_blue_sif_altar, serial_bayou_pond_a, kennysheep_another_room

Table legend:
 A = Turns spent in this place as a percentage of turns spent in the entire game.
 B = Non-inter-level travel turns spent in this place as a percentage of non-inter-level travel turns spent in the entire game.
 C = Inter-level travel turns spent in this place as a percentage of turns spent in this place.
 D = Turns resting spent in this place as a percentage of non-inter-level travel turns spent in this place.
 E = Turns spent auto-exploring this place as a percentage of non-inter-level travel turns spent in this place.
 F = Non-inter-level travel turns spent in this place divided by the number of levels of this place that you've seen.
                   A       B       C       D       E      F
               +-------+-------+-------+-------+-------+----------------------
         Total | 100.0 | 100.0 |   2.1 |  41.7 |  45.8 | 1042.0
       Dungeon | 100.0 | 100.0 |   2.1 |  41.7 |  45.8 | 1042.0
               +-------+-------+-------+-------+-------+----------------------

Table legend:
 A = Kills in this place as a percentage of kills in entire the game.
 B = Kills by you in this place as a percentage of kills by you in the entire game.
 C = Kills by friends in this place as a percentage of kills by friends in the entire game.
 D = Other kills in this place as a percentage of other kills in the entire game.
 E = Experience gained in this place as a percentage of experience gained in the entire game.
 F = Experience gained in this place divided by the number of levels of this place that you have seen.
                   A       B       C       D       E      F
               +-------+-------+-------+-------+-------+----------------------
         Total | 100.0 | 100.0 | 100.0 |   N/A | 100.0 |  58.0
       Dungeon | 100.0 | 100.0 | 100.0 |   N/A | 100.0 |  58.0
               +-------+-------+-------+-------+-------+----------------------
